 Dungeon Crawl Stone Soup version 0.27-a0-906-g0a00ce863d (webtiles) character file.

Game seed: 16034599138746438350

197 wullow the Magician (level 5, -20/35 HPs)
             Began as a Demonspawn Hedge Wizard on Apr 6, 2021.
             Blown up by Ijyb (24 damage)
             ... with a mindburst bolt
             ... on level 3 of the Dungeon.
             The game lasted 00:11:53 (4397 turns).

wullow the Magician (Demonspawn Hedge Wizard)       Turns: 4397, Time: 00:11:53

Health: -20/35     AC: 10    Str: 11    XL:     5   Next: 46%
Magic:  2/10       EV: 12    Int: 16    God:
Gold:   82         SH:  0    Dex: 12    Spells: 5/11 levels left

rFire    . . .     SeeInvis .   a - +0 dagger
rCold    . . .     Faith    .   (no shield)
rNeg     . . .     Spirit   .   b - +0 robe
rPois    .         Reflect  .   c - +0 hat
rElec    .         Harm     .   (no cloak)
rCorr    .         Rampage  .   k - +1 pair of gloves
Will     .....                  (no boots)
Stlth    ++........             (no amulet)
HPRegen  0.11/turn              (no ring)
MPRegen  0.12/turn              (no ring)

@: sanguine armoured
A: claws 1, sanguine armour 1
a: no special abilities


You were on level 3 of the Dungeon.
You visited 1 branch of the dungeon, and saw 3 of its levels.

You collected 82 gold pieces.

Inventory:

Hand Weapons
 a - a +0 dagger (weapon)
Missiles
 d - 105 stones
 g - 31 arrows
 h - 29 sling bullets
Armour
 b - a +0 robe (worn)
 c - a +0 hat (worn)
 k - a +1 pair of gloves (worn)
Scrolls
 i - a scroll of immolation {unknown}
 l - 2 scrolls of teleportation {unknown}
 n - 2 scrolls of identify {unknown}
 o - a scroll of blinking {unknown}
 t - a scroll of noise {unknown}
Potions
 e - 2 potions of curing {unknown}
 f - a potion of cancellation {unknown}
 j - 2 potions of might {unknown}
 m - 2 potions of mutation {unknown}
 p - a potion of flight {unknown}
 q - a potion of ambrosia {unknown}
 r - a potion of brilliance {unknown}
 s - a potion of invisibility {unknown}


   Skills:
 - Level 1.7 Dodging
 - Level 1.7 Stealth
 + Level 3.6 Spellcasting
 * Level 3.5 Conjurations
 + Level 2.5 Summonings
 - Level 1.0 Translocations
 + Level 1.1 Air Magic
 + Level 1.1 Poison Magic


You had 5 spell levels left.
You knew the following spells:

 Your Spells              Type           Power      Damage    Failure   Level
a - Magic Dart            Conj           56%        1d5       4%          1
b - Call Imp              Summ           11%        N/A       10%         2
c - Mephitic Cloud        Conj/Pois/Air  9%         N/A       24%         3

Your spell library contained the following spells:

 Spells                   Type           Power      Damage    Failure   Level
 Blink                    Tloc           N/A        N/A       17%         2
 Slow                     Hex            2%         N/A       26%         2
 Conjure Flame            Conj/Fire      8%         6-21      26%         3


Dungeon Overview and Level Annotations

Branches:
Dungeon (3/15)

Altars:
Qazlal

Annotations:
D:3 Ijyb


Innate Abilities, Weirdness & Mutations

You have sharp fingernails.
When seriously injured, your bleeding wounds create armour. (AC +6)


Message History

The magic dart hits Ijyb but does no damage.
Ijyb is moderately wounded.
Ijyb barely misses your crimson imp.
Casting: Magic Dart (safe; 4% risk of failure)
Confirm with . or Enter, or press ? or * to list all spells.
A beastly little devil appears in a puff of flame.
Your crimson imp blinks!
What are your orders? t - Shout!
Orders for allies: a - Attack new target. p - Attack previous target. r - Retreat! s - Stop attacking. g - Guard the area. f - Follow me.
Anything else - Cancel.
Gang up on whom?
Press: ? - help, Dir - move target, f/p - Ijyb
Aim: Ijyb, wielding a +0 club, wearing a +0 leather armour and carrying a wand of mindburst (11) (moderately wounded, ally target) Attack!
Casting: Call Imp (safe; 10% risk of failure)
Confirm with . or Enter, or press ? or * to list all spells.
Aiming: Magic Dart (safe; 4% risk of failure)
Press: ? - help, Shift-Dir - straight line, f/p - Ijyb
Aim: Ijyb, wielding a +0 club, wearing a +0 leather armour and carrying a wand of mindburst (11) (moderately wounded, ally target, 0% to evade)
The magic dart hits Ijyb but does no damage.
Ijyb is moderately wounded.
Your crimson imp hits Ijyb.
Your crimson imp completely misses Ijyb.
Ijyb zaps a wand.
Your mind is blasted!
Ouch! That really hurt!
* * * LOW HITPOINT WARNING * * *
Your blood congeals into armour.
Casting: Magic Dart (safe; 4% risk of failure)
Confirm with . or Enter, or press ? or * to list all spells.
You don't know that spell.
Unknown command.
Your crimson imp barely misses Ijyb.
Your crimson imp completely misses Ijyb.
You see here a dart slug corpse.
Ijyb zaps a wand.
Your mind is blasted!
Ouch! That really hurt!
You die...

### ###..## ## ....... .#
.##....###### ##.# ............##
#..# ##...)...###.####### ..?
##.@##...>........#
#.#######†.##.###.#.....#
#..#.....g..#.# #.#..<..# #
#.......55....###.#.....# ##
#.##.......#...#.......###
.#######.##...)...#.....))......#
................>.....#8.....8###
......................#.......#
...................####8.....8#


You could see Ijyb (ally target) and 2 friendly crimson imps.

Vanquished Creatures
  A bullfrog skeleton (D:2)
  8 adders
  A worm (D:2)
  4 dart slugs
  An orc (D:3)
  5 bats
  4 endoplasms
  2 giant cockroaches
  15 goblins
  6 hobgoblins
  11 jackals
  3 kobolds
  2 quokkas
  7 ball pythons
  3 frilled lizards
  6 rats
79 creatures vanquished.

Vanquished Creatures (collateral kills)
  A dart slug (D:3)
  A goblin (D:3)
2 creatures vanquished.

Vanquished Creatures (others)
  Robin (D:3)
  A giant cockroach (D:3)
  A goblin (D:3)
3 creatures vanquished.

Grand Total: 84 creatures vanquished

Notes
Turn   | Place    | Note
-------+----------+-------------------------------------------
     0 | D:1      | wullow the Demonspawn Hedge Wizard began the quest for the
                  | Orb.
     0 | D:1      | Reached XP level 1. HP: 13/13 MP: 4/4
   153 | D:1      | Reached skill level 1 in Translocations
   206 | D:1      | Gained mutation: When seriously injured, your bleeding
                  | wounds create armour. (AC +6) [demonic ancestry]
   206 | D:1      | Reached XP level 2. HP: 17/19 MP: 1/6
   639 | D:1      | Found a faded altar of an unknown god.
   878 | D:1      | Learned a level 2 spell: Call Imp
   912 | D:1      | Gained mutation: You have sharp fingernails. [demonic
                  | ancestry]
   912 | D:1      | Reached XP level 3. HP: 24/24 MP: 1/7
  1941 | D:2      | Learned a level 3 spell: Mephitic Cloud
  2128 | D:2      | Reached XP level 4. HP: 21/30 MP: 5/9
  3170 | D:3      | Killed Robin
  3211 | D:3      | Found a stormy altar of Qazlal.
  3412 | D:3      | Reached XP level 5. HP: 26/35 MP: 2/10
  3605 | D:3      | Reached skill level 1 in Poison Magic
  3650 | D:3      | Reached skill level 1 in Air Magic
  3894 | D:3      | Noticed Ijyb
  4397 | D:3      | Blown up by Ijyb

Illustrated notes

Levels and vault maps discovered:
D:1:      lightli_arrival_statuegarden, layout_rooms, basic_ecumenical_altar,
          minmay_distorted
D:2:      layout_loops_ring, kennysheep_cross_bottleneck
D:3:      kennysheep_the_goblin_king, layout_rooms, grunt_qazlal_clouds,
          minmay_snake_closets, uniq_jessica, uniq_robin

Skill      XL: |  1  2  3  4  5 |
---------------+----------------+-----
Translocations | 1 |  1.0
Conjurations   | 2 3 |  3.5
Summonings     | 2 |  2.5
Poison Magic   | 1 |  1.1
Air Magic      | 1 |  1.1
Dodging        | |  1.7
Stealth        | |  1.7
Spellcasting   | |  3.6

Action                   |  1- 3 |  4- 6 || total
-------------------------+-------+-------++-------
Melee: Dagger            |   128 |    15 ||   143
 Cast: Magic Dart        |    64 |   119 ||   183
       Call Imp          |       |     2 ||     2
 Stab: Sleeping          |     1 |       ||     1
Armor: Robe              |    42 |    21 ||    63
Dodge: Dodged            |   100 |    54 ||   154

Table legend: (Time is in decaauts)
 A = Elapsed time spent in this place.
 B = Non-inter-level travel time spent in this place.
 C = Inter-level travel time spent in this place.
 D = Time resting spent in this place.
 E = Time spent auto-exploring this place.
 F = Levels seen in this place.
 G = Mean time per level.
                   A        B        C        D        E       F      G
               +--------+--------+--------+--------+--------+-----+--------+
         Total |   4400 |   4265 |    135 |   1507 |   1999 |   3 | 1466.7 |
       Dungeon |   4400 |   4265 |    135 |   1507 |   1999 |   3 | 1466.7 |
               +--------+--------+--------+--------+--------+-----+--------+

Top non-repeatable levels by time:
     D:2: 2190 daAuts
     D:1: 1134 daAuts
     D:3: 1075 daAuts
